NWL (28 & UNDER)
BALZAC RAMS @ CULVER CITY EXTRAS
06/27/2029
 
TOP OF THE 1ST
Balzac Rams batting - Pitching for Culver City Extras : LHP Sebastián Cervantes
Pitching: LHP Sebastián Cervantes
Batting: SHB Emílio Calvillo 0-0: Swinging Strike
0-1: Called Strike
0-2: Ball
1-2: Fly out, F9 (Flyball, 89D)
Batting: RHB Tommy Wilson 0-0: Ball
1-0: Ball
2-0: Ball
3-0: Base on Balls
Batting: RHB Gunner Allen 0-0: Called Strike
0-1: Ball
1-1: Ball
2-1: SINGLE (Line Drive, 56D)
Tommy Wilson to second
Batting: RHB Ken Longoria 0-0: Ball
1-0: Ball
2-0: Ball
3-0: SINGLE (Groundball, 56D)
Tommy Wilson to third
Gunner Allen to second
Batting: RHB Santiago Rivera 0-0: Called Strike
0-1: Ball
1-1: Fielders Choice at 2nd, 3-6 (Groundball, 3)
Tommy Wilson scores
Gunner Allen to third
Batting: LHB Troy Jackson 0-0: Called Strike
0-1: Foul Ball, location: 2F
0-2: Ball
1-2: Strikes out swinging
Top of the 1st over - 1 run, 2 hits, 0 errors, 2 left on base; Balzac 1 - Culver City 0
BOTTOM OF THE 1ST
Culver City Extras batting - Pitching for Balzac Rams : LHP Miguel Muñíz
Pitching: LHP Miguel Muñíz
Batting: RHB Mitchell Darragh 0-0: Swinging Strike
0-1: Ball
1-1: Called Strike
1-2: Strikes out looking
Batting: RHB Clarence Harrison 0-0: Ball
1-0: Called Strike
1-1: Ground out 1-3 (Groundball, 13)
Batting: RHB Pancho Reyna 0-0: Ball
1-0: Ball
2-0: Ball
3-0: Base on Balls
Batting: RHB Dave Anderson 0-0: Foul Ball, location: 2F
0-1: Swinging Strike
0-2: Ball
1-2: Ball
2-2: Foul Ball, location: 2F
2-2: Foul Ball, location: 2F
2-2: Foul Ball, location: 2F
2-2: Fly out, F9 (Flyball, 9D)
Bottom of the 1st over - 0 runs, 0 hits, 0 errors, 1 left on base; Balzac 1 - Culver City 0
TOP OF THE 2ND
Balzac Rams batting - Pitching for Culver City Extras : LHP Sebastián Cervantes
Batting: RHB Jason Ward 0-0: Fly out, F8 (Line Drive, 8LXD)
Batting: RHB Lorenzo Silva 0-0: Ball
1-0: Fly out, F8 (Flyball, 89M)
Batting: RHB Ricardo Muñóz 0-0: Ball
1-0: SINGLE (Line Drive, 5)
Batting: SHB Emílio Calvillo 0-0: Called Strike
0-1: Ball
1-1: Called Strike
1-2: TRIPLE (Flyball, 9D)
Ricardo Muñóz scores
Batting: RHB Tommy Wilson 0-0: Ball
1-0: Foul Ball, location: 2F
1-1: Foul Ball, location: 2F
1-2: Ball
2-2: Fly out, F8 (Flyball, 8RS)
Top of the 2nd over - 1 run, 2 hits, 0 errors, 1 left on base; Balzac 2 - Culver City 0
BOTTOM OF THE 2ND
Culver City Extras batting - Pitching for Balzac Rams : LHP Miguel Muñíz
Batting: LHB Tony Smith 0-0: Ball
1-0: SINGLE (Line Drive, 34)
Batting: LHB Buddy Rice 0-0: Ball
1-0: 2-RUN HOME RUN (Flyball, 9LD), Distance : 345 ft
Batting: RHB Ricardo Deleón 0-0: Ball
1-0: Ball
2-0: Called Strike
2-1: Foul Ball, location: 2F
2-2: Ball
3-2: Foul Ball, location: 2F
3-2: Strikes out looking
Batting: LHB Trey Fitzpatrick 0-0: Called Strike
0-1: Ball
1-1: Foul Ball, location: 2F
1-2: Fly out, F9 (Flyball, 9S)
Batting: LHB Richard Bell 0-0: Ball
1-0: Swinging Strike
1-1: Ball
2-1: Ball
3-1: Base on Balls
Batting: RHB Mitchell Darragh Pickoff Throw to First - Out!
Bottom of the 2nd over - 2 runs, 2 hits, 0 errors, 0 left on base; Balzac 2 - Culver City 2
TOP OF THE 3RD
Balzac Rams batting - Pitching for Culver City Extras : LHP Sebastián Cervantes
Batting: RHB Gunner Allen 0-0: Foul Ball, location: 2F
0-1: Ball
1-1: SINGLE (Flyball, 89S)
Batting: RHB Ken Longoria 0-0: Called Strike
Gunner Allen steals 2nd base
0-1: Ground out 4-3 (Groundball, 4M)
Gunner Allen to third
Batting: RHB Santiago Rivera 0-0: Called Strike
0-1: Swinging Strike
0-2: Foul Ball, location: 2F
0-2: Ball
1-2: Foul Ball, location: 2F
1-2: Strikes out swinging
Batting: LHB Troy Jackson 0-0: Ball
1-0: Swinging Strike
1-1: Ball
2-1: Ball
3-1: Foul Ball, location: 2F
3-2: Strikes out looking
Top of the 3rd over - 0 runs, 1 hit, 0 errors, 1 left on base; Balzac 2 - Culver City 2
BOTTOM OF THE 3RD
Culver City Extras batting - Pitching for Balzac Rams : LHP Miguel Muñíz
Batting: RHB Mitchell Darragh 0-0: Called Strike
0-1: Foul Ball, location: 2F
0-2: Ground out 6-3 (Groundball, 6)
Batting: RHB Clarence Harrison 0-0: Ground out 5-3 (Groundball, 5)
Batting: RHB Pancho Reyna 0-0: Called Strike
0-1: Ground out 5-3 (Groundball, 56)
Bottom of the 3rd over - 0 runs, 0 hits, 0 errors, 0 left on base; Balzac 2 - Culver City 2
TOP OF THE 4TH
Balzac Rams batting - Pitching for Culver City Extras : LHP Sebastián Cervantes
Batting: RHB Jason Ward 0-0: Called Strike
0-1: Ball
1-1: Ground out 6-3 (Groundball, 6M)
Batting: RHB Lorenzo Silva 0-0: SINGLE (Line Drive, 9S)
Batting: RHB Ricardo Muñóz 0-0: Foul Ball, location: 2F
0-1: Swinging Strike
0-2: Ball
1-2: Strikes out swinging
Batting: SHB Emílio Calvillo 0-0: Ball
1-0: Swinging Strike
1-1: Foul Ball, location: 2F
1-2: Foul Ball, location: 2F
1-2: Foul Ball, location: 2F
1-2: Fly out, F8 (Flyball, 8LM)
Top of the 4th over - 0 runs, 1 hit, 0 errors, 1 left on base; Balzac 2 - Culver City 2
BOTTOM OF THE 4TH
Culver City Extras batting - Pitching for Balzac Rams : LHP Miguel Muñíz
Batting: RHB Dave Anderson 0-0: Called Strike
0-1: Ball
1-1: Ball
2-1: SINGLE (Line Drive, 8RS)
Batting: LHB Tony Smith 0-0: Foul Ball, location: 2F
0-1: Ball
1-1: Ball
2-1: Foul Ball, location: 2F
2-2: Foul Ball, location: 2F
2-2: Ball
3-2: Fly out, F8 (Flyball, 89XD)
Batting: LHB Buddy Rice 0-0: Called Strike
0-1: Ball
1-1: Called Strike
1-2: Ball
2-2: Foul Ball, location: 2F
2-2: Ball
3-2: Base on Balls
Dave Anderson to second
Batting: RHB Ricardo Deleón 0-0: Called Strike
0-1: Swinging Strike
0-2: Fielders Choice at 2nd, 6-4 (Groundball, 6)
Dave Anderson to third
Batting: LHB Trey Fitzpatrick 0-0: Ball
1-0: Ball
2-0: SINGLE (Line Drive, 3)
Dave Anderson scores
Ricardo Deleón to second
Runner from 2nd tries for 3rd, SAFE, no throw
Batting: LHB Richard Bell 0-0: Foul Ball, location: 2F
0-1: Ball
1-1: Ball
2-1: Foul Ball, location: 2F
2-2: DOUBLE (Line Drive, 8RD)
Ricardo Deleón scores
Trey Fitzpatrick to third
Batting: RHB Mitchell Darragh 0-0: Ball
1-0: Called Strike
1-1: Swinging Strike
1-2: Foul Ball, location: 2F
1-2: Ground out 5-3 (Groundball, 56S)
Bottom of the 4th over - 2 runs, 3 hits, 0 errors, 2 left on base; Balzac 2 - Culver City 4
TOP OF THE 5TH
Balzac Rams batting - Pitching for Culver City Extras : LHP Sebastián Cervantes
Batting: RHB Tommy Wilson 0-0: Ball
1-0: Ball
2-0: Ball
3-0: Base on Balls
Batting: RHB Gunner Allen 0-0: Called Strike
0-1: Called Strike
0-2: Foul Ball, location: 2F
0-2: Foul Ball, location: 2F
0-2: Ball
1-2: Strikes out swinging
Batting: RHB Ken Longoria 0-0: DOUBLE (Flyball, 89D)
Tommy Wilson to third
Runner from 3rd tries for Home, SAFE, no throw
Batting: RHB Santiago Rivera 0-0: Called Strike
Error on foul ball, E5
0-2: Fly out, F7 (Flyball, 78M)
Batting: LHB Troy Jackson 0-0: Ground out 6-3 (Groundball, 6M)
Top of the 5th over - 1 run, 1 hit, 1 error, 1 left on base; Balzac 3 - Culver City 4
BOTTOM OF THE 5TH
Culver City Extras batting - Pitching for Balzac Rams : LHP Miguel Muñíz
Batting: RHB Clarence Harrison 0-0: Called Strike
0-1: Ground out 1-3 (Groundball, P)
Batting: RHB Pancho Reyna 0-0: Ball
1-0: Ball
2-0: Foul Ball, location: 2F
2-1: DOUBLE (Groundball, 5L)
Pitching: RHP Aaron Williams
Batting: RHB Dave Anderson 0-0: Ball
1-0: Ground out 5-3 (Groundball, 5)
Batting: LHB Tony Smith 0-0: Foul Ball, location: 2F
0-1: Ball
1-1: Swinging Strike
1-2: Ball
2-2: Ball
3-2: Base on Balls
Batting: LHB Buddy Rice 0-0: Ball
1-0: Ball
2-0: Ball
3-0: Base on Balls
Pancho Reyna to third
Tony Smith to second
Batting: RHB Ricardo Deleón 0-0: Called Strike
0-1: Ball
1-1: SINGLE (Groundball, 6MD)
Pancho Reyna scores
Tony Smith to third
Buddy Rice to second
Runner from 3rd tries for Home, SAFE, no throw
Batting: LHB Trey Fitzpatrick 0-0: Called Strike
0-1: Foul Ball, location: 2F
0-2: Fly out, F4 (Line Drive, 4)
Bottom of the 5th over - 2 runs, 2 hits, 0 errors, 2 left on base; Balzac 3 - Culver City 6
TOP OF THE 6TH
Balzac Rams batting - Pitching for Culver City Extras : LHP Sebastián Cervantes
Batting: RHB Jason Ward 0-0: Foul Ball, location: 2F
0-1: Ball
1-1: Called Strike
1-2: Ball
2-2: Strikes out looking
Batting: RHB Lorenzo Silva 0-0: Called Strike
0-1: Fly out, F8 (Flyball, 8RD)
Batting: RHB Ricardo Muñóz 0-0: Ball
1-0: Fly out, F8 (Flyball, 8RD)
Top of the 6th over - 0 runs, 0 hits, 0 errors, 0 left on base; Balzac 3 - Culver City 6
BOTTOM OF THE 6TH
Culver City Extras batting - Pitching for Balzac Rams : RHP Aaron Williams
Batting: LHB Richard Bell 0-0: Swinging Strike
0-1: Ball
1-1: Ball
2-1: Fly out, F6 (Popup, 4MS)
Batting: RHB Mitchell Darragh 0-0: Called Strike
0-1: Ball
1-1: Ground out 5-3 (Groundball, 56)
Batting: RHB Clarence Harrison 0-0: Ball
1-0: SINGLE (Groundball, 34D)
Batting: RHB Pancho Reyna 0-0: Fly out, F8 (Flyball, 8LD)
Bottom of the 6th over - 0 runs, 1 hit, 0 errors, 1 left on base; Balzac 3 - Culver City 6
TOP OF THE 7TH
Balzac Rams batting - Pitching for Culver City Extras : LHP Sebastián Cervantes
Batting: SHB Emílio Calvillo 0-0: Swinging Strike
0-1: Swinging Strike
0-2: Ball
1-2: Strikes out swinging
Batting: RHB Tommy Wilson 0-0: Ball
1-0: Ball
2-0: Ground out 1-3 (Groundball, 15S)
Batting: RHB Gunner Allen 0-0: Called Strike
0-1: Swinging Strike
0-2: SOLO HOME RUN (Flyball, 78XD), Distance : 393 ft
Batting: RHB Ken Longoria 0-0: Ball
1-0: Ball
2-0: Ball
3-0: Called Strike
3-1: Base on Balls
Batting: RHB Santiago Rivera 0-0: Swinging Strike
0-1: Foul Ball, location: 2F
0-2: Ball
1-2: Strikes out looking
Top of the 7th over - 1 run, 1 hit, 0 errors, 1 left on base; Balzac 4 - Culver City 6
BOTTOM OF THE 7TH
Culver City Extras batting - Pitching for Balzac Rams : RHP Aaron Williams
Batting: RHB Dave Anderson 0-0: Swinging Strike
0-1: Ground out 6-3 (Groundball, 6)
Batting: LHB Tony Smith 0-0: Ball
1-0: Fly out, F8 (Flyball, 8LS)
Batting: LHB Buddy Rice 0-0: Called Strike
0-1: Ball
1-1: Ball
2-1: Ball
3-1: Foul Ball, location: 2F
3-2: Base on Balls
Batting: RHB Ricardo Deleón 0-0: Ball
1-0: Ball
2-0: Called Strike
2-1: Foul Ball, location: 2F
2-2: Ball
3-2: Hit by Pitch
Buddy Rice to second
Batting: LHB Trey Fitzpatrick 0-0: Called Strike
0-1: Ball
1-1: Ball
2-1: Ground out 4-3 (Groundball, 4)
Bottom of the 7th over - 0 runs, 0 hits, 0 errors, 2 left on base; Balzac 4 - Culver City 6
TOP OF THE 8TH
Balzac Rams batting - Pitching for Culver City Extras : LHP Sebastián Cervantes
Pitching: LHP Henry Brown
Batting: LHB Troy Jackson 0-0: Called Strike
0-1: SINGLE (Line Drive, 6MD)
Batting: RHB Jason Ward 0-0: Called Strike
0-1: Called Strike
0-2: Strikes out looking
Batting: RHB Lorenzo Silva 0-0: Ball
1-0: Fly out, F7 (Line Drive, 7S)
Batting: RHB Ricardo Muñóz 0-0: Ball
1-0: Foul Ball, location: 2F
1-1: Foul Ball, location: 2F
1-2: Ball
2-2: Foul Ball, location: 2F
2-2: Ball
3-2: Fly out, F7 (Flyball, 78D)
Top of the 8th over - 0 runs, 1 hit, 0 errors, 1 left on base; Balzac 4 - Culver City 6
BOTTOM OF THE 8TH
Culver City Extras batting - Pitching for Balzac Rams : RHP Aaron Williams
Batting: LHB Richard Bell 0-0: Ball
1-0: Ball
2-0: Called Strike
2-1: Foul Ball, location: 2F
2-2: Ball
3-2: Base on Balls
Batting: RHB Mitchell Darragh 0-0: Bunted foul
0-1: Sac Bunt - play at first, batter OUT! 1-4
Richard Bell to second
Batting: RHB Clarence Harrison 0-0: Ball
1-0: Ball
2-0: SINGLE (Line Drive, 78S)
Richard Bell to third
Batting: RHB Pancho Reyna 0-0: Ball
Clarence Harrison steals 2nd base
1-0: Ball
2-0: Ball
3-0: Base on Balls
Batting: RHB Dave Anderson 0-0: Foul Ball, location: 2F
0-1: Ball
1-1: Foul Ball, location: 2F
1-2: Foul Ball, location: 2F
1-2: Grounds into fielders choice 1-2 (Groundball, 15)
Clarence Harrison to third
Pancho Reyna to second
Batting: LHB Tony Smith 0-0: Foul Ball, location: 2F
0-1: Ball
1-1: Foul Ball, location: 2F
1-2: Foul Ball, location: 2F
1-2: SINGLE (Flyball, 9S)
Clarence Harrison scores
Pancho Reyna to third
Dave Anderson to second
Runner from 3rd tries for Home, SAFE, throw made home
Pitching: LHP Ben Turner
Batting: LHB Buddy Rice 0-0: Ball
1-0: Called Strike
1-1: SINGLE (Line Drive, 6MD)
Dave Anderson to third
Tony Smith to second
Runner from 3rd tries for Home, SAFE, no throw
Batting: RHB Ricardo Deleón 0-0: Ball
1-0: Called Strike
1-1: Ball
2-1: Foul Ball, location: 2F
2-2: Strikes out swinging
Bottom of the 8th over - 3 runs, 3 hits, 0 errors, 2 left on base; Balzac 4 - Culver City 9
TOP OF THE 9TH
Balzac Rams batting - Pitching for Culver City Extras : LHP Henry Brown
Now in RF: Joey Boyd
Batting: SHB Emílio Calvillo 0-0: Ball
1-0: Ball
2-0: Called Strike
2-1: Ball
3-1: Foul Ball, location: 2F
3-2: Base on Balls
Batting: RHB Tommy Wilson 0-0: Ball
1-0: SINGLE (Flyball, 89M)
Emílio Calvillo to second
Batting: RHB Gunner Allen 0-0: Called Strike
0-1: Ball
1-1: Fielders Choice at 2nd, 6-4 (Groundball, 6)
Emílio Calvillo to third
Batting: RHB Ken Longoria 0-0: Foul Ball, location: 2F
0-1: Ball
1-1: Swinging Strike
1-2: Ball
2-2: Foul Ball, location: 2F
2-2: Ball
3-2: Base on Balls
Gunner Allen to second
Pitching: RHP Alejandro Longoria
Batting: RHB Santiago Rivera 0-0: Ball
1-0: Foul Ball, location: 2F
1-1: Swinging Strike
1-2: Ground out 5-3 (Groundball, 25)
Emílio Calvillo scores
Gunner Allen to third
Ken Longoria to second
Batting: LHB Troy Jackson 0-0: Swinging Strike
0-1: Ball
1-1: Ground out 4-3 (Groundball, 4S)
Top of the 9th over - 1 run, 1 hit, 0 errors, 2 left on base; Balzac 5 - Culver City 9
Saturday, December 16th, 2017 - OOTP Baseball 18.8 Build 76